 Dungeon Crawl Stone Soup version 0.28-a0-1545-g945cd3f27e (webtiles) character file.

Game seed: 10491256048183978514

18059 Essalna the Destroyer (level 12, -5/92 HPs)
             Began as a Demonspawn Fire Elementalist on Jan 18, 2022.
             Was an Initiate of Ashenzari.
             Killed from afar by a catoblepas (9 damage)
             ... with a blast of calcifying dust
             ... on level 3 of the Lair of Beasts.
             The game lasted 00:39:20 (20040 turns).

Essalna the Destroyer (DsFE)                       Turns: 20040, Time: 00:39:21

Health: -5/92      AC: 14    Str: 10      XL:     12   Next: 24%
Magic:  27/27      EV: 13    Int: 22 (28) God:    Ashenzari [......]
Gold:   771        SH:  4    Dex: 14      Spells: 17/29 levels left

rFire   + . .      SeeInvis .   C - staff of fire (curse) {Elem, Comp}
rCold   + . .      Faith    .   J - orb {*channel}
rNeg    . . .      Spirit   .   B - +2 robe {rC+}
rPois   +          Reflect  .   (no helmet)
rElec   .          Harm     .   i - +0 cloak
rCorr   .          Rampage  .   (no gloves)
Will    .....                   (no boots)
Stlth   ++........              (no amulet)
HPRegen 0.25/turn               p - ring of poison resistance
MPRegen 0.20/turn               M - +6 ring of intelligence

@: sanguine armoured
A: powered by pain 1, spiny 2, sanguine armour 2, demonic touch 2, large bone
plates 1, clever 1, high mp 1
a: Renounce Religion, Curse Item, Shatter the Chains


You were on level 3 of the Lair of Beasts.
You worshipped Ashenzari.
Ashenzari was noncommittal.
You visited 3 branches of the dungeon, and saw 13 of its levels.
You also visited: Bailey.

You collected 771 gold pieces.

Inventory:

Hand Weapons
 c - a +0 mace
 l - a +1 vorpal trident
 n - a +0 dagger of electrocution
 v - a +3 whip of electrocution
Missiles
 j - 18 poisoned darts
 t - 5 throwing nets
Armour
 a - a +0 robe
 f - the +0 robe of the Shoals {Rampage rF+ Str+2 SInv}
   (You found it on level 3 of the Lair of Beasts)

   Str:       It affects your strength (+2).
   rF:        It protects you from fire.
   SInv:      It lets you see invisible.
   Rampage:   It bestows one free step when moving towards enemies.
 i - a +0 cloak (worn)
 m - a +0 buckler
 r - a scarf of shadows
 B - a +2 robe of cold resistance (worn)
 J - an orb of energy (worn)
Magical Staves
 C - a cursed staff of fire (weapon) {Elem, Comp}
Jewellery
 p - a ring of poison resistance (left hand)
 K - a +6 ring of strength
 M - a +6 ring of intelligence (right hand)
 O - a +6 ring of dexterity
Wands
 q - a wand of iceblast (11)
 y - a wand of flame (41)
 I - a wand of paralysis (3)
 N - a wand of charming (5)
Scrolls
 b - 15 scrolls of identify
 d - 2 scrolls of amnesia
 g - a scroll of enchant armour
 o - 3 scrolls of immolation
 s - 2 scrolls of holy word
 x - 2 scrolls of noise {unknown}
 D - 2 scrolls of fear {unknown}
 E - 4 scrolls of vulnerability {unknown}
 F - 3 scrolls of blinking {unknown}
 H - a scroll of fog {unknown}
Potions
 e - 3 potions of haste {unknown}
 h - 2 potions of attraction
 k - 3 potions of invisibility {unknown}
 u - 3 potions of brilliance {unknown}
 w - a potion of lignification {unknown}
 z - a potion of berserk rage {unknown}
 A - a potion of cancellation {unknown}
 G - 3 potions of might {unknown}
 L - a potion of degeneration {unknown}


   Skills:
 + Level 7.6 Fighting
 + Level 2.3 Armour
 + Level 3.1 Dodging
 - Level 1.7 Stealth
 - Level 4.0 Shields
 + Level 9.4 Spellcasting
 + Level 10.0 Conjurations
 + Level 9.6(10.0) Fire Magic
 + Level 4.7 Evocations


You had 17 spell levels left.
You knew the following spells:

 Your Spells              Type           Power      Damage    Failure   Level
a - Foxfire               Conj/Fire      100%       2x1d9     1%          1
b - Scorch                Fire           100%       2d10      1%          2
c - Flame Wave            Conj/Fire      70%        2d11      1%          4
d - Fireball              Conj/Fire      35%        3d15      2%          5

Your spell library contained the following spells:

 Spells                   Type           Power      Damage    Failure   Level
 Magic Dart               Conj           100%       1d8       1%          1
 Searing Ray              Conj           100%       2d8       1%          2
 Conjure Flame            Conj/Fire      70%        6-21      1%          3
 Sticky Flame             Conj/Fire      70%        2d8       1%          4
 Inner Flame              Hex/Fire       48%        N/A       2%          3
 Iskenderun's Battlesphe  Conj           53%        2d10      2%          5
 Ignite Poison            Fire/Tmut/Pois 37%        N/A       4%          3
 Summon Small Mammal      Summ           40%        N/A       6%          1
 Blink                    Tloc           20%        N/A       10%         2
 Corpse Rot               Necr/Air       20%        N/A       10%         2
 Poisonous Vapours        Pois/Air       20%        N/A       10%         2
 Starburst                Conj/Fire      35%        6d10      16%         6
 Call Canine Familiar     Summ           10%        N/A       19%         3
 Gell's Gravitas          Tloc           10%        N/A       19%         3
 Lesser Beckoning         Tloc           10%        N/A       19%         3
 Summon Guardian Golem    Hex/Summ       10%        N/A       19%         3
 Teleport Other           Tloc           10%        N/A       19%         3
 Lightning Bolt           Conj/Air       16%        1d30      22%         5
 Freezing Cloud           Conj/Ice/Air   12%        6-21      41%         5
 Airstrike                Air            5%         N/A       54%         4
 Summon Lightning Spire   Summ/Air       10%        N/A       54%         4
 Orb of Destruction       Conj           26%        9d9       65%         7
 Conjure Ball Lightning   Conj/Air       16%        3x3d6     77%         6
 Manifold Assault         Tloc           10%        N/A       87%         5
 Dispersal                Tloc           5%         N/A       100%        6


Dungeon Overview and Level Annotations

Branches:
Dungeon (9/15)             Temple (1/1) D:5            Lair (3/6) D:9
 Shoals (0/4) Lair:2          Orc (0/2) D:9          Bailey (visited)
  Snake: Lair:2-4    Spider: Lair:2-4

Altars:
Ashenzari
Cheibriados
Dithmenos
Elyvilon
Fedhas
Gozag
Hepliaklqana
Kikubaaqudgha
Makhleb
Nemelex Xobeh
Okawaru
Qazlal
Ru
Sif Muna
Trog
Uskayaw
Vehumet
Wu Jian
Xom
Yredelemnul
The Shining One

Shops:
D:5 ?   D:7 :

Annotations:
D:8 1 runed translucent door, Jano's ghost, novice OpAE


Innate Abilities, Weirdness & Mutations

You sometimes gain a little power by taking damage.
You are mostly covered in sharp spines.
When seriously injured, your blood forms thick armour. (AC +9)
Your touch may inflict irresistible damage on your foes.
You are partially covered in large bone plates. (SH +4)
Your mind is acute. (Int +2)
You have an increased reservoir of magic. (+10% MP)


Message History

The blast of calcifying dust hits you.
Your limbs are stiffening.
The redback is engulfed in calcifying dust.
The redback is moving more slowly.
The catoblepas gores you!
You have turned to stone.
The redback is struck by your spines. The redback bites you.
The catoblepas gores you!!
You focus on the pain.
You feel your power returning.
Your blood congeals into armour.
The redback bites you but does no damage.
The redback is struck by your spines. The redback bites you!
The catoblepas is struck by your spines.
The catoblepas gores you! The redback is struck by your spines.
The redback bites you!
The catoblepas breathes a plume of calcifying dust at you.
The blast of calcifying dust hits you but does no damage.
Your magical contamination has completely faded away.
You are engulfed in calcifying dust.
The redback is struck by your spines. The redback bites you!
The catoblepas gores you but does no damage.
The redback bites you but does no damage.
You are engulfed in calcifying dust.
The redback stops moving altogether!
The catoblepas gores you!!
* * * LOW HITPOINT WARNING * * *
You are engulfed in calcifying dust.
The catoblepas is no longer more vulnerable to fire.
The catoblepas gores you!!
* * * LOW HITPOINT WARNING * * *
You are engulfed in calcifying dust.
The catoblepas gores you.
* * * LOW HITPOINT WARNING * * *
Ashenzari invites you to partake of a vision and a curse of companions and ranged combat.
You are engulfed in calcifying dust.
The catoblepas gores you!!
* * * LOW HITPOINT WARNING * * *
You turn to flesh and can move again.
The catoblepas breathes a plume of calcifying dust at you.
The blast of calcifying dust hits you but does no damage.
Unknown command.
You are engulfed in calcifying dust.
You are engulfed in calcifying dust.
The catoblepas breathes a plume of calcifying dust at you.
The blast of calcifying dust hits you!
You die...

## ######### ##......##
##P##.#.#.#.#### #P.......#P
...............#####.s....?...
#...#..#...........§§.....###.
#...(###########.#####.....#
#...## ###### #Y# ##....^^^
#.P..####.##.###§#### .....^^
#....#..........§#.P##.....)[^
#.....#...###...@......#.^...^
#........######...####......^^
#...........##....## ...#
#...###.###.##.....#
.....##.P##.......##
.....##.######..#.P# ##...#..#
#####.#.####
#....##.###.###.#.#..#
##...#............#..##


There were no monsters in sight!

Vanquished Creatures
  A two-headed ogre (D:9)
  A manticore (Lair:2)
  A cyclops (D:9)
  5 elephants
  2 black mambas (Lair:1)
  6 cane toads
  A rime drake (Lair:2)
  6 komodo dragons
  A polar bear (Lair:3)
  A wind drake (Lair:2)
  A troll (D:7)
  Sigmund (D:6)
  A wyvern (Lair:3)
  15 yaks
  A basilisk (Lair:3)
  5 vampire mosquitoes
  Edmund (D:5)
  Duvessa (D:6)
  15 water moccasins
  3 orc warriors (D:9)
  A sky beast (D:6)
  2 black bears
  8 wolves
  A necrophage (D:7)
  2 ogres
  3 centaurs
  A phantom (D:4)
  9 bullfrogs
  5 gnoll sergeants
  A scorpion (D:4)
  A wyvern zombie (D:7)
  A cane toad simulacrum (Lair:1)
  A water moccasin skeleton (D:6)
  Dowan (D:6)
  4 killer bees (D:8)
  5 wights (D:9)
  2 howler monkeys
  9 electric eels
  6 hounds
  3 jellies
  Crazy Yiuf (D:2)
  3 orc priests
  5 gnoll shamans
  6 iguanas
  Terence (D:1)
  7 orc wizards
  2 hell rats (Lair:1)
  2 wolf simulacra (Lair:1)
  A hound zombie (D:5)
  6 adders
  24 gnolls
  8 river rats (Lair:1)
  4 shadow imps
  A white imp (D:6)
  2 adder skeletons (D:4)
  3 worms (D:3)
  A dart slug (D:2)
  32 orcs
  3 ball pythons
  7 bats
  5 endoplasms
  7 giant cockroaches
  8 goblins
  6 hobgoblins
  6 jackals
  2 kobolds
  4 quokkas
  2 frilled lizards
  7 rats
  A butterfly (Lair:1)
302 creatures vanquished.

Vanquished Creatures (collateral kills)
  30 foxfires
30 creatures vanquished.

Vanquished Creatures (others)
  A hound (D:5)
  1438 foxfires
  10 fungi
  89 plants
1538 creatures vanquished.

Grand Total: 1870 creatures vanquished

Notes
Turn   | Place    | Note
-------+----------+-------------------------------------------
     0 | D:1      | Essalna the Demonspawn Fire Elementalist began the quest
                  | for the Orb.
     0 | D:1      | Reached XP level 1. HP: 13/13 MP: 3/3
   271 | D:1      | Gained mutation: When seriously injured, your blood forms
                  | armour. (AC +9) [demonic ancestry]
   271 | D:1      | Reached XP level 2. HP: 19/19 MP: 0/5
   847 | D:1      | Found a faded altar of an unknown god.
  1174 | D:2      | Noticed Terence
  1200 | D:2      | Reached skill level 2 in Conjurations
  1200 | D:2      | Reached XP level 3. HP: 24/24 MP: 1/6
  1656 | D:2      | Learned a level 2 spell: Scorch
  1893 | D:2      | Found a runed translucent door.
  1894 | D:2      | Noticed Crazy Yiuf
  2004 | D:2      | Killed Crazy Yiuf
  2005 | D:2      | Gained mutation: You are partially covered in sharp spines.
                  | [demonic ancestry]
  2005 | D:2      | Reached XP level 4. HP: 9/30 MP: 1/8
  3438 | D:3      | Gained mutation: Your touch may inflict minor irresistible
                  | damage on your foes. [demonic ancestry]
  3438 | D:3      | Reached XP level 5. HP: 35/35 MP: 6/9
  4306 | D:3      | Reached skill level 3 in Conjurations
  4620 | D:1      | Killed Terence
  4893 | D:4      | Found an ancient bone altar of Kikubaaqudgha.
  4934 | D:4      | Gained mutation: When seriously injured, your blood forms
                  | thick armour. (AC +9) [demonic ancestry]
  4934 | D:4      | Reached XP level 6. HP: 41/41 MP: 1/11
  5173 | D:4      | HP: 2/41 [poisoned by a scorpion]
  5533 | D:4      | Reached skill level 4 in Conjurations
  5995 | D:4      | Learned a level 4 spell: Flame Wave
  6026 | D:5      | Entered Level 5 of the Dungeon
  6200 | D:5      | Gained mutation: You are mostly covered in sharp spines.
                  | [demonic ancestry]
  6200 | D:5      | Reached XP level 7. HP: 46/46 MP: 5/13
  6647 | D:5      | Noticed Edmund
  6662 | D:5      | Killed Edmund
  6663 | D:5      | Reached skill level 5 in Fire Magic
  6900 | D:5      | Found a staircase to the Ecumenical Temple.
  6909 | Temple   | Entered the Ecumenical Temple
  7036 | Temple   | Became a worshipper of Ashenzari the Shackled
  7119 | D:5      | Reached skill level 5 in Conjurations
  7191 | D:5      | Reached skill level 5 in Spellcasting
  7358 | D:5      | Reached XP level 8. HP: 52/52 MP: 10/15
  7397 | D:5      | Found Nomeop's Magic Scroll Shoppe.
  7661 | D:6      | Noticed Sigmund
  7661 | D:6      | Noticed Duvessa
  7661 | D:6      | Noticed Dowan
  7969 | D:6      | Killed Sigmund
  8055 | D:6      | Killed Duvessa
  8202 | D:6      | Killed Dowan
  8203 | D:6      | Reached skill level 6 in Conjurations
  8781 | D:6      | Found a shadowy altar of Dithmenos.
  8823 | D:6      | Reached skill level 1 in Fighting
  9366 | D:6      | Reached XP level 9. HP: 61/61 MP: 13/18
 10259 | D:7      | Reached skill level 7 in Conjurations
 10432 | D:7      | Found Xyluozer's Book Shop.
 10477 | D:7      | Found a flagged portal.
 10491 | Bailey   | Entered a bailey
 10750 | Bailey   | HP: 1/64 [gnoll sergeant (3)]
 10760 | Bailey   | Gained mutation: You are partially covered in large bone
                  | plates. (SH +4) [potion of mutation]
 10760 | Bailey   | Gained mutation: You have an increased reservoir of magic.
                  | (+10% MP) [potion of mutation]
 10760 | Bailey   | Gained mutation: Your mind is acute. (Int +2) [potion of
                  | mutation]
 11841 | D:7      | Gained mutation: Your touch may inflict irresistible damage
                  | on your foes. [demonic ancestry]
 11841 | D:7      | Reached XP level 10. HP: 73/73 MP: 20/23
 11899 | D:7      | Reached skill level 8 in Conjurations
 12145 | D:7      | Found a hide-covered altar of Uskayaw.
 12335 | D:7      | Found a radiant altar of Vehumet.
 12734 | D:8      | Reached skill level 5 in Fighting
 12862 | D:9      | Noticed a two-headed ogre
 12869 | D:9      | Killed a two-headed ogre
 13301 | D:8      | Found a hazy altar of Hepliaklqana.
 13371 | D:8      | Found a runed translucent door.
 13371 | D:8      | Found a shimmering altar of Xom.
 13371 | D:8      | Noticed Jano's ghost (novice OpAE)
 13372 | D:8      | Noticed a +2 dagger of chaos
 13771 | D:8      | Reached skill level 1 in Shields
 14113 | D:9      | Found a staircase to the Orcish Mines.
 14617 | D:9      | Noticed a cyclops
 14626 | D:9      | Killed a cyclops
 14754 | D:9      | Found a staircase to the Lair.
 14825 | D:9      | Reached skill level 1 in Evocations
 14831 | Lair:1   | Entered Level 1 of the Lair of Beasts
 15114 | Lair:1   | Noticed a black mamba
 15123 | Lair:1   | Killed a black mamba
 15229 | Lair:1   | Reached skill level 9 in Conjurations
 15229 | Lair:1   | Reached XP level 11. HP: 49/81 MP: 13/25
 16871 | Lair:2   | Found a staircase to the Shoals.
 17338 | Lair:2   | Learned a level 5 spell: Fireball
 17860 | Lair:2   | HP: 4/84 [elephant (9)]
 17869 | Lair:2   | Reached skill level 1 in Armour
 18672 | Lair:3   | Gained mutation: You sometimes gain a little power by
                  | taking damage. [demonic ancestry]
 18672 | Lair:3   | Reached XP level 12. HP: 91/91 MP: 11/27
 19100 | Lair:3   | Noticed a catoblepas
 19428 | Lair:3   | Identified the +0 robe of the Shoals {Rampage rF+ Str+2
                  | SInv}
 19455 | Lair:3   | Reached skill level 10 in Conjurations
 19727 | Lair:3   | Got the Almanac of the Blaze and Conjuration
 20032 | Lair:3   | HP: 2/92 [catoblepas (10)]
 20040 | Lair:3   | Killed from afar by a catoblepas

Illustrated notes

Levels and vault maps discovered:
D:1:      evilmike_arrival_crescent, layout_rooms,
          ebering_ecumenical_altar_ruins, corexii_corridor_pit,
          minmay_misc_feat_secret_circle
D:2:      layout_rooms, serial_co_window_serial, co_window_corner_a,
          co_window_paths_a, co_window_paths_b, co_window_paths_b,
          co_window_paths_a, co_window_paths_c, co_window_cross_3,
          co_window_corner_b, co_window_sun, co_window_4corner_a,
          glass_columns_a, hangedman_decor_opposing, uniq_terence,
          uniq_crazy_yiuf_cottage
D:3:      layout_loops_corners, kennysheep_generic_room_15
D:4:      layout_cave_pools, lemuel_coloured_pillars_altar
D:5:      layout_loops_cross, lemuel_temple_firewalk_a, serial_shops, shop,
          uniq_edmund
D:6:      cheibrodos_two_vegetables, layout_gridville, grunt_dithmenos_smoke,
          uniq_sigmund, uniq_duvessa
D:7:      layout_basic, mainiacjoe_overflow_brackets, vehumet_altar_wand_db,
          serial_shops, shop, enter_bailey_4, serial_bayou_ford_a
D:8:      layout_layer_cave, nicolae_hepliaklqana_hazy_memory, ebering_ghost_xom
D:9:      layout_long_grid, lemuel_crystal_altar, david_lair_shrubbed,
          david_orc_2, chequers_serial_rivers_room_b, grunt_decor_resistance,
          serial_bayou_lagoon_a, hangedman_decor_peaks_small,
          mrwooster_statue_mirror
Temple:   kb_temple_of_zot
Lair:1:   layout_regular_city, portal_ice_cave_entry_ice_simulacra,
          serial_forest, infiniplex_forest_lined_2,
          infiniplex_forest_clump_medium, infiniplex_forest_lined_2,
          infiniplex_forest_lined_3, infiniplex_forest_clump_small,
          infiniplex_forest_lined_4_way, st_stairs_5, kennysheep_rathole,
          lemuel_fruit_fields, grunt_megastairs_5
Lair:2:   layout_cave_pods, minmay_shoals_entry_beasts, grunt_megastairs_1
Lair:3:   layout_loops_ring, spider_nest_entry_webs

Skill      XL: |  1  2  3  4  5  6  7  8  9 10 11 12 |
---------------+-------------------------------------+-----
Fire Magic     | 3 4 5 6 7 8 9 |  9.6
Conjurations   | 2 3 4 5 6 7 9 10 | 10.0
Spellcasting   | 3 4 5 6 7 8 9 |  9.4
Fighting       | 1 4 6 7 |  7.6
Shields        | 2 4 |  4.0
Evocations     | 1 4 |  4.7
Dodging        | 2 3 |  3.1
Armour         | 1 2 |  2.3
Stealth        | |  1.7

Action                   |  1- 3 |  4- 6 |  7- 9 | 10-12 || total
-------------------------+-------+-------+-------+-------++-------
Melee: Unarmed           |     5 |       |       |       ||     5
       Mace              |    11 |       |       |       ||    11
       Punch             |     1 |       |       |       ||     1
       Trident           |       |    27 |       |       ||    27
       Touch             |       |     1 |       |       ||     1
       Whip              |       |       |     6 |       ||     6
       Staff             |       |       |     1 |    37 ||    38
Throw: Dart              |     5 |       |       |       ||     5
 Cast: Foxfire           |    67 |   154 |   265 |   392 ||   878
       Scorch            |     4 |     7 |    81 |    89 ||   181
       Flame Wave        |       |       |       |    14 ||    14
       Fireball          |       |       |       |     3 ||     3
Invok: Curse Item        |       |       |       |     1 ||     1
  Use: Potion            |       |     1 |     6 |     1 ||     8
       Scroll            |       |       |     3 |     6 ||     9
 Stab: Sleeping          |     1 |     4 |       |       ||     5
Armor: Robe              |    11 |    11 |    20 |    43 ||    85
Dodge: Dodged            |    27 |    17 |    64 |    99 ||   207
Block: Other             |       |       |     6 |     2 ||     8
       Buckler           |       |       |       |     7 ||     7
       Orb               |       |       |       |    19 ||    19

Table legend: (Time is in decaauts)
 A = Elapsed time spent in this place.
 B = Non-inter-level travel time spent in this place.
 C = Inter-level travel time spent in this place.
 D = Time resting spent in this place.
 E = Time spent auto-exploring this place.
 F = Levels seen in this place.
 G = Mean time per level.
                   A        B        C        D        E       F      G
               +--------+--------+--------+--------+--------+-----+--------+
         Total |  20104 |  19252 |    852 |    608 |  16078 |  14 | 1436.0 |
       Dungeon |  13680 |  12996 |    684 |      0 |  11380 |   9 | 1520.0 |
        Temple |    156 |    106 |     50 |      0 |     76 |   1 |  156.0 |
          Lair |   5219 |   5101 |    118 |    608 |   3790 |   3 | 1739.7 |
        Bailey |   1048 |   1048 |      0 |      0 |    832 |   1 | 1048.0 |
               +--------+--------+--------+--------+--------+-----+--------+

Top non-repeatable levels by time:
     D:6: 2708 daAuts
  Lair:1: 2210 daAuts
  Lair:2: 2071 daAuts
     D:2: 1948 daAuts
     D:3: 1705 daAuts
     D:4: 1445 daAuts
     D:5: 1364 daAuts
     D:8: 1183 daAuts
     D:7: 1155 daAuts
     D:1: 1098 daAuts
     D:9: 1070 daAuts
  Bailey: 1048 daAuts
  Lair:3: 937 daAuts
  Temple: 156 daAuts
